 Dungeon Crawl Stone Soup version 0.24.0-13-gcf9b3192b9 (webtiles) character file.

Game seed: 13775898036487914885, levelgen mode: deterministic

236 no0bjke the Chopper (level 6, 0/37 HPs)
             Began as a Gargoyle Fighter on Nov 5, 2019.
             Slain by Duvessa
             ... wielding a +0 rapier
              (4 damage)
             ... on level 4 of the Dungeon.
             The game lasted 00:03:58 (3887 turns).

no0bjke the Chopper (Gargoyle Fighter)              Turns: 3887, Time: 00:03:59

Health: 0/37       AC: 13    Str: 26    XL:     6   Next: 6%
Magic:  6/6        EV:  6    Int: 14    God:
Gold:   236        SH:  9    Dex:  9    Spells: 5/5 levels left

rFire    . . .     SeeInvis +   a - +0 war axe
rCold    . . .     Gourm    .   c - +0 shield
rNeg     + . .     Faith    .   p - +0 chain mail
rPois    ∞         Spirit   .   (no helmet)
rElec    +         Reflect  .   (no cloak)
rCorr    .         Harm     .   (no gloves)
MR       .....                  (no boots)
Stlth    ..........             t - amulet of magic regeneration
HPRegen  0.12/turn              r - ring of see invisible
MPRegen  0.35/turn              (no ring)

@: mighty, brilliant
A: negative energy resistance 1, electricity resistance, unbreathing,
petrification resistance, rot immunity, AC +4
a: no special abilities


You were on level 4 of the Dungeon.
You were hungry.

You visited 1 branch of the dungeon, and saw 4 of its levels.

You collected 236 gold pieces.

Inventory:

Hand Weapons
 a - a +0 war axe (weapon)
 b - the +1 whip of the Fool {flame, rF+ rN+ Stlth+}
   (You found it on level 4 of the Dungeon)

   It has been specially enchanted to burn those struck by it, causing extra
   injury to most foes and up to half again as much damage against particularly
   susceptible opponents.
   It protects you from fire.
   It protects you from negative energy.
   It makes you more stealthy.
Armour
 c - a +0 shield (worn)
 p - a +0 chain mail (worn)
Jewellery
 r - a ring of see invisible (left hand)
 t - an amulet of magic regeneration (around neck)
Scrolls
 i - 4 scrolls of teleportation {unknown}
 l - a scroll of noise {unknown}
 m - 3 scrolls of fear {unknown}
 n - 4 scrolls of remove curse {unknown}
 o - a scroll of fog {unknown}
 q - 3 scrolls of identify {unknown}
 v - a scroll of random uselessness {unknown}
Potions
 e - 2 potions of heal wounds {unknown}
 g - a potion of ambrosia {unknown}
 h - a potion of berserk rage {unknown}
 j - 2 potions of brilliance
 k - a potion of degeneration {unknown}
 s - a potion of haste {unknown}
Comestibles
 f - 8 rations


   Skills:
 - Level 3.2 Fighting
 * Level 5.6 Axes
 - Level 3.2 Armour
 - Level 3.2 Shields


You had 5 spell levels left.
You didn't know any spells.
Your spell library was empty.

Dungeon Overview and Level Annotations

Branches:
Dungeon (4/15)
 Temple: D:4-7

Altars:

Annotations:
D:4 Dowan, Duvessa


Innate Abilities, Weirdness & Mutations

You are resistant to torment.
Your stone body is resilient. (AC +4)
You are immune to poison.
You resist negative energy. (rN+)
You are resistant to electric shocks. (rElec)
You can survive without breathing.
You are immune to petrification.
You are immune to rotting.


Message History

You feel very mighty all of a sudden. Duvessa hits you with a +0 rapier.
* * * LOW HITPOINT WARNING * * *
Dowan hits you but does no damage.
You slash Duvessa!
Duvessa is almost dead.
Your shield and chain mail prevent you from hitting Dowan.
Duvessa hits you but does no damage. Duvessa hits you with a +0 rapier.
* * * LOW HITPOINT WARNING * * *
You block Dowan's attack.
It was a potion of brilliance.
You feel clever all of a sudden. You block Duvessa's attack.
Dowan hits you with a +0 dagger.
* * * LOW HITPOINT WARNING * * *
You block Duvessa's attack.
Your shield and chain mail prevent you from hitting Dowan.
Dowan is moderately wounded.
Your shield and chain mail prevent you from hitting Duvessa.
Duvessa hits you with a +0 rapier.
You die...

#### #... ######### #...
#################.......######..#
................#.......#...#...#
................#e......#...#...#
...............e@.......#...'...#
................#.......#...#....
#.##...##..####+#.......#...##...
#.##...#####........#'###...##...
...........#........#............
...........#........#............
...........#........#............
...........#........#.......##...
...........#........'.......##...


You could see Duvessa and Dowan.

Vanquished Creatures
  A jelly (D:4)
  3 worker ants (D:4)
  Robin (D:2)
  6 adders
  2 oozes
  2 worms (D:3)
  A dart slug (D:4)
  3 leopard geckos
  A ball python (D:4)
  A giant cockroach (D:2)
  9 goblins (D:2)
  10 hobgoblins
  A jackal (D:2)
  3 quokkas
  3 bats
  A frilled lizard (D:1)
  5 kobolds
  3 rats (D:3)
56 creatures vanquished.

Notes
Turn   | Place    | Note
-------+----------+-------------------------------------------
     0 | D:1      | no0bjke the Gargoyle Fighter began the quest for the Orb.
     0 | D:1      | Reached XP level 1. HP: 14/14 MP: 1/1
   165 | D:1      | Reached skill level 2 in Axes
   447 | D:1      | Reached XP level 2. HP: 18/19 MP: 2/2
   644 | D:2      | Noticed Robin
   659 | D:2      | Reached skill level 3 in Axes
   685 | D:2      | Reached XP level 3. HP: 19/23 MP: 3/3
   911 | D:2      | Killed Robin
  1702 | D:2      | Reached XP level 4. HP: 26/28 MP: 4/4
  2305 | D:3      | Reached skill level 4 in Axes
  2829 | D:4      | Reached XP level 5. HP: 32/32 MP: 5/5
  3075 | D:4      | Got a pitted whip
  3076 | D:4      | Identified the +1 whip of the Fool {flame, rF+ rN+ Stlth+}
                  | (You found it on level 4 of the Dungeon)
  3164 | D:4      | Reached skill level 5 in Axes
  3180 | D:4      | Noticed a phantom
  3845 | D:4      | Reached XP level 6. HP: 37/37 MP: 6/6
  3869 | D:4      | Noticed Duvessa
  3869 | D:4      | Noticed Dowan
  3887 | D:4      | Slain by Duvessa

Levels and vault maps discovered:
D:1:      evilmike_arrival_plus, layout_loops_ring
D:2:      layout_loops_corners, first_ration, grunt_decor_fettered,
          minmay_distorted, uniq_robin
D:3:      layout_basic
D:4:      layout_gridville, minmay_misc_feat_x, uniq_duvessa

Skill      XL: |  1  2  3  4  5 |
---------------+----------------+-----
Axes           | 2 3 4 5 |  5.6
Fighting       | |  3.2
Armour         | |  3.2
Shields        | |  3.2

Action                   |  1- 3 |  4- 6 || total
-------------------------+-------+-------++-------
Melee: War axe           |   127 |   125 ||   252
       Whip              |       |    14 ||    14
  Use: Potion            |       |     2 ||     2
  Eat: Chunk             |     2 |     7 ||     9
Armor: Scale mail        |    63 |     2 ||    65
       Chain mail        |       |   106 ||   106
Dodge: Dodged            |    37 |    41 ||    78
Block: Shield            |    84 |    83 ||   167
